 Dungeon Crawl Stone Soup version 0.20.1-1-g8b1a95d (console) character file.

168 bli the Skirmisher (level 5, -8/33 HPs)
             Began as a Gargoyle Monk on Aug 20, 2017.
             Was a Believer of Ru.
             Killed from afar by bli's ghost (18 damage)
             ... with a flame tongue
             ... on level 5 of the Dungeon.
             The game lasted 00:07:53 (2310 turns).

bli the Skirmisher (Gargoyle Monk)                  Turns: 2310, Time: 00:07:54

Health: -8/33      AC:  8    Str: 14    XL:     5   Next: 49%
Magic:  5/5        EV: 12    Int: 11    God:    Ru [**....]
Gold:   143        SH:  0    Dex: 13    Spells: 4/4 levels left

rFire    . . .     SeeInvis .   p - +0 flail
rCold    . . .     Gourm    .   (no shield)
rNeg     + . .     Faith    .   q - +0 leather armour
rPois    ∞         Spirit   .   (no helmet)
rElec    +         Reflect  .   (no cloak)
rCorr    .         Harm     .   h - +0 pair of gloves
MR       .....                  (no boots)
Stlth    ++........             (no amulet)
Regen    0.2/turn               (no ring)
MPRegen  0.1/turn               (no ring)

@: no status effects
A: negative energy resistance 1, electricity resistance, unbreathing,
petrification resistance, rot immunity, inability to use devices, AC +4
a: Renounce Religion


You were on level 5 of the Dungeon.
You worshipped Ru.
Ru was pleased with you.
You were hungry.

You visited 1 branch of the dungeon, and saw 4 of its levels.

You collected 143 gold pieces.

Inventory:

Hand Weapons
 a - a +0 mace
 i - a +0 whip
 p - a +0 flail (weapon)
Missiles
 s - 90 stones (quivered)
Armour
 b - a +0 robe
 d - a +0 ring mail
 e - a +0 ring mail
 h - a +0 pair of gloves (worn)
 q - a +0 leather armour (worn)
Scrolls
 j - a scroll of teleportation {unknown}
 k - a scroll of amnesia {unknown}
 n - 2 scrolls of noise {unknown}
 o - 3 scrolls of remove curse {unknown}
 r - a scroll of fog {unknown}
Potions
 f - 2 potions of heal wounds {unknown}
 g - a potion of resistance {unknown}
 l - 3 potions of lignification {unknown}
 m - a potion of invisibility {unknown}
 t - a potion of ambrosia {unknown}
 v - a potion of brilliance {unknown}
Comestibles
 c - 3 bread rations
 u - a royal jelly


   Skills:
 * Level 4.2 Fighting
 + Level 4.1 Maces & Flails
 + Level 1.5 Armour
 + Level 2.9 Dodging
 + Level 3.3 Stealth


You had 4 spell levels left.
You didn't know any spells.

Dungeon Overview and Level Annotations

Branches:
Dungeon (3/15)             Temple (0/1) D:5

Altars:
Ru
Trog

Annotations:
D:5 bli's ghost, novice GrFE


Innate Abilities, Weirdness & Mutations

You are resistant to torment.
Your stone body is resilient. (AC +4)
You are immune to poison.
You resist negative energy. (rN+)
You are resistant to electric shocks. (rElec)
You can survive without breathing.
You are immune to petrification.
You are immune to rotting.
You cannot study or use magical devices.


Message History

Bli's ghost hits you.
You miss bli's ghost.
Bli's ghost is heavily damaged.
Bli's ghost barely misses you.
You closely miss bli's ghost.
Bli's ghost is heavily damaged.
Bli's ghost closely misses you.
Bli's ghost gestures at you while chanting.
The flame tongue hits you!
You closely miss bli's ghost.
Bli's ghost is heavily damaged.
Bli's ghost casts a spell at you. The flame tongue misses you.
You closely miss bli's ghost.
Bli's ghost is heavily damaged.
Bli's ghost ripples.
Bli's ghost points at you and mumbles some strange words.
The flame tongue hits you!
Ouch! That really hurt!
You die...

#... #.#...#...### #...
#.#..##.....#######
#...######>#.###.###........
#.........................##
#####....####.##.###.###......#
..............##.##.## ##.....#
...................# #.....#
..............#.##.## ##.....#
###....####..#.###.###......#
#.........W#..##..........#
#...#####..@.......########
#...# ##.......### #...#
####.#### #...# #.# #.### #.#
#.# #.# #.## #.. #..# ###
###'### #.....# #.#'#.#


You could see bli's ghost.

Vanquished Creatures
  A sky beast (D:5)
  2 adders
  2 oozes
  A worm (D:2)
  A dart slug (D:1)
  A leopard gecko (D:2)
  An orc (D:3)
  A bat (D:1)
  2 giant cockroaches
  5 goblins
  3 hobgoblins
  8 jackals
  2 quokkas
  A frilled lizard (D:2)
  5 kobolds
  A quokka zombie (D:5)
  5 rats
42 creatures vanquished.

Notes
Turn   | Place    | Note
-------+----------+-------------------------------------------
     0 | D:1      | bli the Gargoyle Monk began the quest for the Orb.
     0 | D:1      | Reached XP level 1. HP: 14/14 MP: 1/1
   142 | D:1      | Reached XP level 2. HP: 5/19 MP: 2/2
   545 | D:1      | Reached skill level 1 in Armour
   636 | D:1      | Reached XP level 3. HP: 24/24 MP: 3/3
  1569 | D:2      | Found a sacrificial altar of Ru.
  1580 | D:2      | Became a worshipper of Ru the Awakened
  1582 | D:2      | Gained mutation: You cannot study or use magical devices. [Ru sacrifice]
  1582 | D:2      | Reached * piety under Ru
  1582 | D:2      | Reached ** piety under Ru
  1627 | D:2      | Found a bloodstained altar of Trog.
  1710 | D:2      | Reached XP level 4. HP: 25/29 MP: 4/4
  1975 | D:3      | You fall through a shaft for 2 floors!
  1975 | D:5      | Entered Level 5 of the Dungeon
  1975 | D:5      | Found a staircase to the Ecumenical Temple.
  1975 | D:5      | Noticed a sky beast
  1991 | D:5      | Killed a sky beast
  1991 | D:5      | Reached XP level 5. HP: 5/33 MP: 5/5
  2296 | D:5      | Noticed bli's ghost (novice GrFE)
  2310 | D:5      | Killed from afar by bli's ghost

Skill      XL: |  1  2  3  4 |
---------------+-------------+-----
Armour         | 1 |  1.5
Fighting       | 4 |  4.2
Maces & Flails | 4 |  4.1
Stealth        | 3 |  3.3
Dodging        | |  2.9

Action                   |  1- 3 |  4- 6 || total
-------------------------+-------+-------++-------
Melee: Mace              |   115 |       ||   115
       Flail             |       |    63 ||    63
Invok: Sacrifice Artific |     1 |       ||     1
 Stab: Sleeping          |     5 |     3 ||     8
       Distracted        |       |     1 ||     1
       Invisible         |       |     1 ||     1
  Eat: Chunk             |     3 |     1 ||     4
Armor: Ring mail         |     3 |       ||     3
       Robe              |    16 |       ||    16
       Leather armour    |    15 |    22 ||    37
Dodge: Dodged            |    86 |    27 ||   113
